Unix NetHack Version 5.0.0-0 post-release - last build Jun 10 2026 00:39:30 (3ee93aec679c4c4259841fe613dc97188e26a321,branch:main).

Game began 2026-06-23 17:51:32, ended 2026-06-23 17:53:51.

DaveT, lawful male human Priest

                            ----------
                            |........|
                            |........|
                            |.........
                            |.....{..|
                            |<.......|
    ----------              -.--------
    |?+?????.|            ####
    |?.+?.??.|          ###
    |+??m???.|        ###
    |??@.???.|       -.-------------
    |??+.+?..|      #..............|
    |.?.?+?+@-#######|...%.........|
    ----------       |.......>......
                     |.............|
                     ---------------

DaveT the Aspirant           St:18/01 Dx:9 Co:14 In:10 Wi:15 Ch:12  Lawful
Dlvl:2  $:0  HP:0(14) Pw:7(7) AC:1  Xp:1 T:411 

Latest messages:
 You see here a blessed scroll called identify (for sale, 20 zorkmids).
 "For you, most gracious sir; only 20 zorkmids for this scroll called identify."
 k - a blessed scroll called identify (unpaid, 20 zorkmids).
 You see here a cursed scroll called identify (for sale, 20 zorkmids).
 "For you, honored sir; only 20 zorkmids for this scroll called identify."
 l - a cursed scroll called identify (unpaid, 20 zorkmids).
 You see here a scroll called identify (for sale, 27 zorkmids).
 "For you, good sir; only 27 zorkmids for this scroll called identify."
 m - a scroll called identify (unpaid, 27 zorkmids).
 You see here a cursed unlabeled scroll (for sale, 60 zorkmids).
 You see here a scroll labeled READ ME (for sale, 100 zorkmids).
 You see here a scroll labeled MAPIRO MAHAMA DIROMAT (for sale, 107 zorkmids).
 You see here a yellow spellbook (for sale, 200 zorkmids).
 You see here a scroll labeled DAIYEN FOOELS (for sale, 200 zorkmids).
 You see here a thin spellbook (for sale, 100 zorkmids).
 You see here a cursed scroll called identify (for sale, 27 zorkmids).
 "For you, esteemed sir; only 27 zorkmids for this scroll called identify."
 n - a cursed scroll called identify (unpaid, 27 zorkmids).
 You see here a scroll labeled GNIK SISI VLE (for sale, 60 zorkmids).
 You see here a scroll labeled READ ME (for sale, 100 zorkmids).
 You see here a scroll labeled DAIYEN FOOELS (for sale, 267 zorkmids).
 You see here a scroll labeled GNIK SISI VLE (for sale, 60 zorkmids).
 You see here a blessed scroll called identify (for sale, 27 zorkmids).
 "For you, esteemed sir; only 27 zorkmids for this scroll called identify."
 o - a blessed scroll called identify (unpaid, 27 zorkmids).
 You see here a dusty spellbook (for sale, 300 zorkmids).
 You see here a scroll labeled ZELGO MER (for sale, 100 zorkmids).
 You see here a scroll labeled DUAM XNAHT (for sale, 267 zorkmids).
 You see here a paperback book named The Light Fantastic (for sale, 20 zorkmids).
 You see here a blessed scroll labeled ZELGO MER (for sale, 100 zorkmids).
 You see here a scroll labeled GNIK SISI VLE (for sale, 80 zorkmids).
 You see here a scroll called identify (for sale, 20 zorkmids).
 "For you, most gracious sir; only 20 zorkmids for this scroll called identify."
 j - a scroll called identify (unpaid, 20 zorkmids) (3 in total).
 You see here a scroll labeled READ ME (for sale, 100 zorkmids).
 That strange object is a giant mimic!
 You get released!
 The giant mimic turns to flee.
 You hit the giant mimic!
 You miss the giant mimic.
 You hit the giant mimic!
 You hit the giant mimic!
 You miss the giant mimic.
 You miss the giant mimic.
 The giant mimic hits!
 The giant mimic hits again!
 You die...
 Lugnaquillia comes and takes all your possessions.
 Do you want to see what you had when you died? [ynq] (y) y
 Do you want to see your attributes? [ynq] (y) q

Inventory:
 Weapons  (')')
  a - a blessed +1 mace (weapon in right hand)
 Armor    ('[')
  c - a +0 small shield (being worn)
  b - a +0 robe (being worn)
  i - a +0 banded mail (being worn)
 Comestibles  ('%')
  e - a clove of garlic
  f - a sprig of wolfsbane
 Scrolls  ('?')
  k - a blessed scroll of identify
  o - a blessed scroll of identify
  j - 3 scrolls of identify
  m - a scroll of identify
  l - a cursed scroll of identify
  n - a cursed scroll of identify
 Spellbooks  ('+')
  h - a spellbook of detect food
  g - a spellbook of healing
 Potions  ('!')
  d - 4 potions of holy water

DaveT the Priest's attributes:

Background:
 You were an Aspirant, a level 1 human Priest.
 You were lawful, on a mission for Mitra
 who was opposed by Crom (neutral) and Set (chaotic).
 You were right-handed.
 You were in the Dungeons of Doom, on level 2.
 You entered the dungeon 411 turns ago.
 You had 14 experience points, 6 more were needed to attain level 2.

Basics:
 You had 0 out of 14 hit points.
 You had all 7 energy points (spell power).
 Your armor class was 1.
 Your wallet was empty.
 Autopickup was off.

Final Characteristics:
 Your strength was 18/01 (limit:18/100).
 Your dexterity was 9 (limit:18).
 Your constitution was 14 (limit:18).
 Your intelligence was 10 (limit:18).
 Your wisdom was 15 (limit:18).
 Your charisma was 12 (limit:18).

Final Status:
 You were held by a giant mimic (northeast).
 You weren't hungry.
 You were unencumbered.
 You were wielding a mace.
 You had basic skill with mace.

Final Attributes:
 You were fervently aligned.
 You were guarded.
 Your spell casting was impaired by metallic armor, mitigated by your robe.
 You are dead.

Miscellaneous:
 You didn't encounter any bones levels.
 Total elapsed playing time was 2 minutes and 18 seconds.

Major events:
 Turn
    1: DaveT the lawful human Priest entered the dungeon
  306: entered the Gnomish Mines
  411: killed by a giant mimic

Spells:
 Name                 Level Category     Fail Retention
 healing                1   healing       31%  76%-100%
 detect food            2   divination   100%  76%-100%

Skills:
 Fighting Skills
   bare handed combat [Unskilled]
 Weapon Skills
   club               [Unskilled]
   mace               [Basic]
   morning star       [Unskilled]
   flail              [Unskilled]
   hammer             [Unskilled]
   quarterstaff       [Unskilled]
   polearms           [Unskilled]
   spear              [Unskilled]
   trident            [Unskilled]
   lance              [Unskilled]
   bow                [Unskilled]
   sling              [Unskilled]
   crossbow           [Unskilled]
   dart               [Unskilled]
   shuriken           [Unskilled]
   boomerang          [Unskilled]
   unicorn horn       [Unskilled]
 Spellcasting Skills
   healing spells     [Unskilled]
   divination spells  [Unskilled]
   clerical spells    [Basic]

Voluntary challenges:
 Character rerolling was not enabled.
 You went without food.
 You were an atheist.
 You were illiterate.
 You never genocided any monsters.
 You never polymorphed an object.
 You never changed form.
 You used no wishes.
Achievements:
 You entered the Gnomish Mines.
 You entered a shop.

 The Dungeons of Doom: levels 1 to 2
    Level 1:
       Some fountains.
    Level 2: <- You were here.
       A scroll shop, a sink.
       Stairs down to The Gnomish Mines.
       Final resting place for
          you, killed by a giant mimic.
 The Gnomish Mines:
    Level 3:


Vanquished creatures:
  a fox
  a kobold
  a goblin
  a grid bug
  a newt
5 creatures vanquished.

No species were genocided or became extinct.

Game over:
                       ----------
                      /          \
                     /    REST    \
                    /      IN      \
                   /     PEACE      \
                  /                  \
                  |      DaveT       |
                  |       0 Au       |
                  |   killed by a    |
                  |   giant mimic    |
                  |                  |
                  |                  |
                  |       2026       |
                 *|     *  *  *      | *
        _________)/\\_//(\/(/\)/\//\/|_)_______

Goodbye DaveT the Priest...

You died in The Dungeons of Doom on dungeon level 2 with 156 points,
and 0 pieces of gold, after 411 moves.
You were level 1 with a maximum of 14 hit points when you died.

